 Dungeon Crawl Stone Soup version 0.21.1-1-g345015f (webtiles) character file.

56 grindst0ne the Skirmisher (level 4, -3/37 HPs)
             Began as a Formicid Arcane Marksman on Feb 21, 2018.
             Was an Initiate of the Shining One.
             Slain by an adder (5 damage)
             ... on level 1 of the Dungeon.
             The game lasted 00:03:42 (1905 turns).

grindst0ne the Skirmisher (FoAM)                    Turns: 1905, Time: 00:03:44

Health: -3/37      AC:  2    Str: 16    XL:     4   Next: 15%
Magic:  5/5        EV: 12    Int: 12    God:    the Shining One [......]
Gold:   29         SH:  0    Dex: 11    Spells: 4/5 levels left

rFire    . . .     SeeInvis +   e - +0 mace
rCold    . . .     Gourm    .   (no shield)
rNeg     . . .     Faith    .   a - +0 robe
rPois    .         Spirit   .   (helmet unavailable)
rElec    .         Reflect  .   (no cloak)
rCorr    .         Harm     .   (no gloves)
MR       .....                  (no boots)
Stlth    +.........             (no amulet)
HPRegen  0.12/turn              (no ring)
MPRegen  0.09/turn              (no ring)

@: lethally poisoned (-3 -> -7), glowing, invisible (but backlit and visible)
A: permanent stasis, dig shafts and tunnels, four strong arms, antennae 3
a: Dig, Shaft Self, Renounce Religion


You were on level 1 of the Dungeon.
You worshipped the Shining One.
The Shining One was noncommittal.
You were not hungry.

You visited 1 branch of the dungeon, and saw 2 of its levels.

You collected 29 gold pieces.

Inventory:

Hand Weapons
 e - a +0 mace (weapon)
Missiles
 d - a throwing net
 g - 3 javelins (quivered)
Armour
 a - a +0 robe (worn)
Scrolls
 h - a scroll of noise {unknown}
 k - a scroll of remove curse {unknown}
 l - a scroll of enchant weapon {unknown}
 p - a scroll of identify {unknown}
Potions
 j - a potion of haste {unknown}
 m - a potion of heal wounds {unknown}
 n - 2 potions of curing {unknown}
Books
 b - a book of Debilitation

   Spells                             Type                      Level
   a - Corona                         Hexes                        1
   b - Slow                           Hexes                        2
   c - Inner Flame                    Hexes/Fire                   3
   d - Portal Projectile              Hexes/Translocation          3
   e - Cause Fear                     Hexes                        4
   f - Leda's Liquefaction            Hexes/Earth                  4
Comestibles
 f - 3 rations
 o - 2 chunks of flesh


   Skills:
 + Level 4.0 Fighting
 - Level 2.0 Throwing
 - Level 1.7 Dodging
 - Level 1.1 Spellcasting
 - Level 3.6 Hexes


You had 4 spell levels left.
You knew the following spells:

 Your Spells              Type           Power        Failure   Level  Hunger
a - Corona                Hex            #......      7%          1    ##.....


Dungeon Overview and Level Annotations

Branches:
Dungeon (2/15)

Altars:
The Shining One


Innate Abilities, Weirdness & Mutations

You cannot be hasted, slowed, berserked, paralysed or teleported.
You can dig through walls and to a lower floor.
Your four strong arms can wield two-handed weapons with a shield.
You have a pair of large antennae on your head. (SInv)


Message History

The adder bites you.
* * * LOW HITPOINT WARNING * * *
You are more poisoned.
The adder poisons you! The jackal closely misses you.
You closely miss the adder.
The adder is almost dead.
The adder closely misses you. The jackal bites you.
* * * LOW HITPOINT WARNING * * *
The adder bites you but does no damage. The jackal barely misses you.
It was a potion of cancellation.
You feel magically purged.
* * * LOW HITPOINT WARNING * * *
You feel sick. The jackal closely misses you.
The adder bites you but does no damage. The jackal misses you.
The adder bites you.
* * * LOW HITPOINT WARNING * * *
It was a potion of invisibility.
You become transparent, but the glow from your halo prevents you from becoming completely invisible.
* * * LOW HITPOINT WARNING * * *
You feel sick. The jackal barely misses you. The adder bites you.
You die...

#####.############
#..(.........#
#............# ###
#............###### ..#
#.................# ..#
#.......#########.# ..#
#.......##### #.#
..###...........## #.#
...............S@####.#
..###.......###h##....#
..###.#.#.......#..##.####
......#.#................#
..#...#.#####.'########'.#
###...#.......#........#.#
..#...#######.#.'####'.#รท#
............#.#.#....#.#.#
..#...#####...#.#.##.#.#.#


You could see an adder and a jackal.

Vanquished Creatures
  A gnoll (D:1)
  3 dart slugs
  2 leopard geckos (D:1)
  5 goblins
  4 hobgoblins
  8 jackals
  3 kobolds (D:1)
  A ball python (D:1)
  4 bats (D:1)
  3 rats (D:1)
34 creatures vanquished.

Notes
Turn   | Place    | Note
-------+----------+-------------------------------------------
     0 | D:1      | grindst0ne the Formicid Arcane Marksman began the quest for the Orb.
     0 | D:1      | Reached XP level 1. HP: 15/15 MP: 2/2
   344 | D:1      | Reached skill level 2 in Fighting
   369 | D:1      | Reached XP level 2. HP: 7/22 MP: 3/3
   825 | D:1      | Reached skill level 3 in Fighting
   825 | D:1      | Reached XP level 3. HP: 27/29 MP: 4/4
  1070 | D:1      | Found a glowing golden altar of the Shining One.
  1077 | D:1      | Became a worshipper of the Shining One
  1734 | D:1      | Reached XP level 4. HP: 27/37 MP: 5/5
  1865 | D:2      | Reached skill level 4 in Fighting
  1883 | D:2      | Found a faded altar of an unknown god.
  1905 | D:1      | Slain by an adder

Skill      XL: |  1  2  3  4 |
---------------+-------------+-----
Fighting       | 2 3 4 |  4.0
Throwing       | |  2.0
Dodging        | |  1.7
Spellcasting   | |  1.1
Hexes          | |  3.6

Action                   |  1- 3 |  4- 6 || total
-------------------------+-------+-------++-------
Melee: Unarmed           |    15 |       ||    15
       Mace              |    78 |    17 ||    95
Throw: Javelin           |    21 |       ||    21
       Throwing net      |     4 |       ||     4
  Use: Potion            |       |     2 ||     2
 Stab: Held in net/web   |     2 |       ||     2
       Sleeping          |     1 |       ||     1
  Eat: Chunk             |     3 |       ||     3
Armor: Robe              |    35 |    14 ||    49
Dodge: Dodged            |   103 |    39 ||   142
